Map: Rooftop Terrace

Players

Maelthor

  • Race: Terran Terran
  • Spawn Location: 11:00

Erfeyah

  • Race: Protoss Protoss
  • Spawn Location: 1:00

Iluvatar

  • Race: Terran Terran
  • Spawn Location: 12:00

athabstract

  • Race: Protoss Protoss
  • Spawn Location: 12:00

Silo

  • Race: Zerg Zerg
  • Spawn Location: 5:00

Alecxiraptor

  • Race: Protoss Protoss
  • Spawn Location: 6:00

PhAzEd

  • Race: Protoss Protoss
  • Spawn Location: 7:00

CayberBear

  • Race: Terran Terran
  • Spawn Location: 6:00

VOD

Have the link to the VOD?

Description

Time

  • Played on: Nov. 16, 2017, 3:34 p.m.
  • Length: 16:50
Show
View Real Time Build Order
Export as new Build Order

Maelthor Terran 

Build Orders: MMM Bio 

Get SALT Encoding   

  12  0:01  SCV  
  13  0:21  Supply Depot  
  13  0:22  SCV  
  14  0:28  Refinery  
  14  0:34  SCV  
  15  0:43  Barracks  
  15  0:47  SCV  
  16  0:59  SCV  
  17  1:10  Barracks  
  17  1:11  SCV  
  18  1:23  SCV  
  19  1:37  Supply Depot  
  19  1:39  Barracks Reactor  
  19  1:40  Orbital Command  
  19  1:57  Barracks Tech Lab  
  19  2:03  Barracks  
  19  2:08  SCV, Supply Depot  
  20  2:16  Stimpack  
  20  2:21  SCV, Marine  
  22  2:24  Marine  
  22  2:26  Marine  
  24  2:33  SCV  
  25  2:41  Marine  
  25  2:43  Marine  
  27  2:45  Marauder  
  27  2:48  SCV  
  30  2:53  Barracks Tech Lab  
  30  3:00  SCV  
  30  3:01  Marine, Supply Depot  
  32  3:07  Marauder  
  32  3:12  SCV  
  35  3:14  Marauder  
  37  3:22  Marine x2  
  37  3:24  SCV  
  37  3:26  Supply Depot  
  40  3:30  Marauder  
  42  3:37  SCV  
  43  3:42  Marine x3  
  46  3:50  Marine  
  46  3:52  SCV  
  48  4:05  Marine  
  48  4:06  SCV  
  50  4:13  Engineering Bay  
  50  4:17  Marine, Command Center  
  50  4:18  Marine  
  50  4:19  SCV  
  53  4:44  Marine  
  53  4:45  Marine x2, Marauder  
  53  4:54  Combat Shields  
  53  4:57  Terran Infantry Weapons Level 1  
  53  4:58  Barracks  
  46  5:02  Marine x2  
  46  5:03  Marauder  
  46  5:06  Marine  
  43  5:08  SCV  
  44  5:21  SCV  
  45  5:27  Marine x3, Marauder  
  50  5:39  SCV  
  50  5:41  Orbital Command  
  51  5:44  Marine  
  51  5:45  Missile Turret  
  51  5:47  Supply Depot  
  51  5:49  Marine x3, Marauder  
  57  5:51  SCV  
  58  6:06  Marine  
  58  6:07  Marine x2  
  58  6:08  Marauder  
  58  6:10  Marine  
  57  6:19  SCV x2  
  57  6:24  Marine x2  
  57  6:25  Marine  
  62  6:29  Marauder  
  62  6:31  SCV x2  
  66  6:41  Factory  
  66  6:43  Refinery  
  66  6:46  SCV x2  
  68  6:58  SCV  
  68  6:59  SCV  
  70  7:03  Supply Depot  
  70  7:11  SCV x2, Marine x3, Marauder  
  70  7:13  Barracks Reactor  
  77  7:18  Terran Infantry Armor Level 1  
  77  7:19  Command Center  
  77  7:25  Factory Reactor  
  77  7:26  Starport  
  77  7:29  SCV  
  79  7:30  SCV  
  79  7:36  Refinery  
  79  7:37  Refinery  
  79  7:40  Supply Depot  
  79  7:41  SCV  
  79  7:43  Missile Turret  
  80  7:44  SCV, Marine x3  
  80  7:45  Marauder  
  86  8:01  SCV, Supply Depot  
  86  8:02  Supply Depot, Marine  
  86  8:03  Supply Depot  
  88  8:14  SCV x2, Supply Depot  
  90  8:23  Medivac  
  90  8:24  Medivac  
  90  8:25  Engineering Bay, Marine x2  
  90  8:26  SCV x2, Marine x2, Marauder  
  102  8:30  Factory Tech Lab  
  102  8:37  Marauder  
  104  8:43  Marine x3  
  107  8:49  Marine  
  107  8:50  Marauder  
  107  8:53  Medivac  
  107  8:54  Medivac  
  114  8:58  Marine  
  114  9:01  Marine  
  109  9:12  Marine x3, Marauder  
  109  9:16  Marine  
  99  9:19  Marine  
  99  9:23  Medivac x2  
  82  9:33  Marine x3  
  82  9:34  Marine, Marauder  
  78  10:01  Marine x4, Marauder  
  78  10:02  Marine  
  85  10:10  Barracks  
  85  10:11  Medivac x2  
  85  10:13  Barracks  
  89  10:14  SCV  
  89  10:15  SCV  
  89  10:16  Barracks, Orbital Command  
  89  10:19  Marine x2  
  93  10:22  Siege Tank  
  96  10:31  Marine  
  96  10:32  SCV x2, Marine, Marauder  
  96  10:33  Armory  
  102  10:44  SCV  
  102  10:45  Marine x2, Marauder  
  102  10:46  SCV x2  
  102  10:49  Marine x2  
  110  10:54  Marauder  
  113  11:02  Marine  
  113  11:03  Marine  
  113  11:06  Marine  
  113  11:07  Marine x3  
  113  11:09  Barracks Reactor  
  118  11:16  Marauder  
  120  11:22  Marine x2  
  120  11:24  Marauder  
  120  11:25  Barracks Tech Lab, Marine  
  107  11:27  Barracks Tech Lab  
  107  11:28  Marine  
  107  11:31  SCV x2  
  107  11:32  SCV  
  110  11:37  Marauder  
  110  11:39  Marine  
  112  11:40  Marine  
  112  11:42  Medivac x2, Supply Depot  
  112  11:43  SCV, Marine  
  112  11:45  Marine  
  112  11:46  Marauder  
  123  11:47  Supply Depot, Marine x3  
  123  11:48  Marauder  
  123  11:49  SCV x2  
  123  11:50  Supply Depot  
  123  11:51  Terran Infantry Armor Level 2, Terran Infantry Weapons Level 2  
  130  11:57  Marine  
  130  11:59  Marauder  
  133  12:10  Marine x3, Marauder  
  133  12:13  Command Center  
  138  12:15  Missile Turret  
  138  12:17  Missile Turret  
  138  12:19  Missile Turret x2  
  138  12:36  Marine x5, Marauder  
  138  12:37  Marine x4  
  145  12:43  Medivac x2  
  153  12:47  Supply Depot  
  153  12:49  Supply Depot x2  
  153  12:54  Marine x6  
  153  12:55  Marauder  
  153  12:57  Marine  
  153  12:58  Marine, Marauder  
  165  13:12  Marine x6  
  170  13:16  Marauder  
  170  13:31  Marine x7, Marauder  
  170  13:32  Marine  
  173  13:37  Marine  
  160  13:48  Marine x2  
  160  13:54  Marine x4, Marauder  
  160  13:55  Marine x3  
  148  14:06  Marine x2  
  150  14:12  Marine  
  150  14:13  Marauder x2  
  155  14:20  Siege Tank  
  158  14:39  Marine x7, Marauder  
  158  14:40  Factory, Marine x2  
  158  14:41  Factory  
  169  14:52  Siege Tank  
  129  15:51  Widow Mine  
  129  15:52  Widow Mine  
  129  15:53  Widow Mine  
  129  15:56  Marine  
  135  15:57  Marauder  
Show
View Real Time Build Order
Export as new Build Order

Erfeyah Protoss 

Build Orders:  

Get SALT Encoding   

  13  0:28  Probe  
  13  0:40  Probe  
  14  0:46  Pylon  
  14  0:49  Pylon  
  14  0:57  Probe  
  15  1:09  Probe  
  16  1:32  Gateway  
  16  1:35  Gateway  
  16  1:37  Gateway  
  16  1:48  Assimilator  
  16  2:07  Pylon  
  16  2:09  Pylon  
  16  2:10  Probe  
  17  2:39  Probe  
  18  2:47  Zealot x3  
  25  2:51  Probe  
  25  3:14  Zealot x3  
  31  3:44  Cybernetics Core  
  31  3:56  Gateway  
  31  3:59  Gateway  
  31  4:17  Gateway  
  31  4:23  Assimilator  
  31  4:45  Pylon  
  31  4:46  Pylon  
  31  4:48  Pylon  
  31  5:48  Zealot x3  
  31  5:49  Stalker  
  39  6:03  Probe  
  40  6:15  Probe, Stalker x3  
  47  6:19  Stalker  
  49  6:27  Probe  
  50  6:45  Stalker x2  
  50  6:46  Sentry  
  56  7:09  Nexus  
  56  7:45  Zealot  
  56  7:46  Zealot x3  
  56  7:48  Stalker x2  
  68  8:11  Cybernetics Core  
  68  8:12  Stalker  
  70  8:20  Stalker x3  
  76  8:36  Assimilator  
  76  8:42  Zealot  
  78  8:50  Zealot  
  22  9:52  Zealot x4  
  30  10:06  Probe  
  31  10:18  Probe  
  31  10:19  Zealot x4  
  40  10:30  Probe  
  41  10:46  Sentry, Zealot x2  
  41  10:47  Sentry  
  49  10:51  Warp Gate  
  49  11:05  Probe  
  50  11:13  Sentry x2, Stalker x2  
  50  11:17  Probe  
  59  11:29  Probe  
  60  11:39  Stalker x2  
  64  11:43  Stalker x2  
  68  11:56  Probe  
  69  12:08  Probe  
  70  12:09  Stalker x2  
  70  12:13  Stalker x2  
  78  12:20  Probe  
  79  12:32  Probe  
  80  12:37  Assimilator  
  80  12:39  Zealot x2  
  80  12:43  Zealot  
  86  12:56  Nexus  
  86  13:00  Zealot  
  62  13:06  Zealot x2  
  62  13:10  Zealot  
  40  13:35  Zealot x3  
  40  13:37  Zealot  
Show
View Real Time Build Order
Export as new Build Order

Iluvatar Terran 

Build Orders: MMM Bio 

Get SALT Encoding   

  12  0:02  SCV  
  13  0:14  SCV  
  13  0:21  Supply Depot  
  14  0:26  SCV  
  15  0:42  SCV  
  16  0:45  Barracks  
  16  0:55  SCV  
  17  1:00  Barracks  
  17  1:09  Refinery  
  17  1:11  SCV  
  17  1:13  Refinery  
  18  1:23  SCV  
  19  1:33  Marine  
  19  1:37  Supply Depot  
  20  1:54  Orbital Command  
  20  1:55  Barracks Tech Lab  
  20  1:57  Barracks Reactor  
  20  2:10  Factory  
  20  2:22  Marine  
  21  2:25  Supply Depot  
  21  2:26  SCV  
  22  2:39  Marine x2  
  22  2:40  Marine  
  25  2:45  SCV  
  25  2:49  Stimpack  
  26  2:58  Starport  
  26  3:02  Marine  
  27  3:07  SCV  
  27  3:08  Marine  
  29  3:23  Marine  
  29  3:26  Marine  
  31  3:27  Marine  
  31  3:31  SCV  
  33  3:37  Medivac  
  35  3:45  Supply Depot  
  35  3:48  Supply Depot  
  35  3:49  SCV  
  35  3:50  Marine  
  35  3:51  Marine  
  35  3:55  Marine  
  39  4:02  Engineering Bay  
  39  4:07  Medivac  
  39  4:08  SCV  
  42  4:10  Marine  
  42  4:15  Marine  
  44  4:17  Marine  
  44  4:20  SCV  
  46  4:31  Terran Infantry Weapons Level 1  
  46  4:38  Medivac  
  46  4:40  Marine  
  46  4:41  Marine  
  50  4:49  Supply Depot  
  50  4:50  Combat Shields  
  50  4:55  Marine  
  50  4:58  Marine  
  50  4:59  Marine  
  53  5:39  Marine x3  
  53  5:41  SCV, Medivac  
  59  5:54  SCV  
  59  5:57  Marine x2  
  50  6:08  Marine  
  50  6:10  Medivac  
  52  6:14  Marine  
  52  6:15  Marine  
  49  6:26  Marine  
  49  6:28  Supply Depot  
  49  6:32  Marine x2  
  51  6:33  Barracks  
  51  6:36  SCV  
  53  6:40  Medivac  
  53  6:43  Barracks  
  55  7:04  Command Center  
  55  7:07  Marine x2  
  55  7:08  Marine  
  58  7:09  SCV  
  59  7:17  Starport Reactor  
  59  7:21  SCV  
  60  7:24  Marine  
  60  7:25  Marine x2  
  60  7:26  Marine  
  60  7:27  Terran Infantry Armor Level 1  
  64  7:33  Supply Depot  
  64  7:36  Barracks Reactor  
  64  7:42  Marine  
  64  7:43  Marine x3  
  68  8:00  Marine  
  68  8:01  SCV, Marine x3  
  73  8:09  Medivac  
  75  8:14  Refinery  
  75  8:19  Refinery  
  75  8:20  Orbital Command  
  75  8:24  Marine  
  76  8:30  Marine  
  76  9:32  Marine  
  69  10:07  Marine x2  
  69  10:08  Marine x2  
  69  10:09  Marine x2  
  69  10:10  Medivac  
  69  10:11  Medivac  
  79  10:25  Marine  
  80  10:40  Medivac  
  80  10:41  Medivac  
  84  11:04  Marine x2  
  84  11:10  Marine x4  
  84  11:11  SCV x2  
  92  11:23  SCV x2  
  94  11:35  SCV x2  
  82  12:09  Marine  
  82  12:10  Marine x4  
  82  12:11  SCV x2  
  89  12:23  SCV x2  
  89  12:25  Command Center  
  91  12:34  Marine x4  
  91  12:35  SCV, Marine x2  
  91  12:36  SCV  
  99  12:47  SCV  
  100  12:52  Marine x2, Barracks x2  
  100  12:58  Barracks  
  102  12:59  Barracks  
  102  13:08  Marine  
  102  13:11  Marine  
  102  13:12  Marine  
  102  13:13  Marine  
  34  15:20  Barracks  
  34  15:21  Barracks  
  34  15:22  Barracks  
  34  15:25  Barracks x2  
  34  15:26  Barracks x2  
  34  15:29  Barracks x3  
  34  15:53  Refinery  
  34  15:55  Refinery  
  34  16:14  Barracks Reactor x5  
  34  16:15  Barracks Reactor  
  34  16:29  Marine x2  
  34  16:30  Marine  
  37  16:35  Barracks Reactor  
Show
View Real Time Build Order
Export as new Build Order

athabstract Protoss 

Build Orders: Oracle Opening 

Get SALT Encoding   

  12  0:01  Probe  
  13  0:14  Probe  
  14  0:24  Pylon  
  14  0:28  Probe  
  15  0:42  Probe, Assimilator  
  16  0:50  Gateway  
  16  0:59  Probe  
  17  1:11  Probe  
  18  1:17  Assimilator  
  18  1:23  Probe  
  19  1:35  Probe  
  19  1:37  Pylon, Zealot  
  22  1:47  Probe  
  23  1:57  Cybernetics Core  
  23  1:59  Probe  
  24  2:20  Gateway  
  24  2:23  Probe  
  24  2:28  Zealot  
  27  2:34  Warp Gate (Chrono Boost)  
  27  2:35  Probe  
  28  2:49  Robotics Facility  
  28  2:52  Stargate  
  28  3:00  Stalker  
  30  3:14  Pylon  
  30  3:16  Pylon  
  30  3:39  Nexus  
  30  3:41  Assimilator  
  30  3:44  Assimilator  
  30  3:47  Pylon  
  30  3:52  Oracle  
  33  3:59  Stalker  
  35  4:06  Stalker  
  37  4:13  Observer  
  38  4:29  Stalker  
  40  4:36  Stalker  
  42  4:53  Oracle  
  42  4:58  Observer  
  42  4:59  Stalker  
  48  5:06  Probe  
  49  5:11  Probe  
  50  5:18  Probe  
  50  5:20  Stalker  
  53  5:23  Probe  
  54  5:30  Probe  
  54  5:35  Probe  
  56  5:40  Gateway x2  
  56  5:42  Probe  
  57  5:47  Probe  
  58  5:54  Probe  
  59  6:06  Probe x2  
  61  6:18  Probe  
  62  6:19  Probe  
  62  6:22  Pylon  
  63  6:26  Pylon  
  63  6:29  Pylon  
  63  6:30  Probe  
  64  6:39  Stalker x3  
  70  6:40  Stalker  
  72  7:38  Stalker  
  72  7:39  Stalker x3  
  80  7:51  Gateway  
  80  7:53  Gateway  
  80  7:58  Stargate  
  80  7:59  Stargate  
  80  8:00  Protoss Air Weapons Level 1  
  80  8:11  Void Ray  
  54  9:25  Stalker x3  
  54  9:26  Stalker  
  54  9:57  Stalker x2  
  54  9:58  Stalker  
  60  10:01  Void Ray x2  
  68  10:18  Void Ray  
  72  10:25  Probe  
  73  10:34  Protoss Air Armor Level 1  
  73  10:37  Probe  
  73  10:39  Stalker x2  
  73  10:40  Stalker x2  
  82  10:49  Probe, Void Ray  
  83  10:50  Void Ray  
  83  10:56  Observer  
  92  11:01  Probe  
  93  11:14  Pylon  
  93  11:17  Pylon  
  93  11:18  Pylon  
  93  11:19  Pylon  
  93  11:20  Pylon  
  93  11:32  Void Ray  
  97  11:37  Void Ray x2  
  97  11:39  Nexus  
  105  11:41  Assimilator  
  105  11:43  Assimilator  
  105  12:14  Void Ray  
  109  12:31  Stalker x2  
  109  12:32  Stalker x2  
  109  12:33  Stalker x2  
  120  12:38  Void Ray  
  120  12:39  Void Ray  
  128  13:06  Void Ray  
  132  13:21  Void Ray  
  132  13:22  Void Ray  
  68  14:04  Void Ray x2  
  68  14:05  Void Ray  
  80  14:10  Stalker  
  80  14:11  Stalker x4  
  80  14:12  Stalker  
  92  14:53  Void Ray  
  96  15:01  Void Ray  
  96  15:03  Void Ray  
  96  15:06  Stalker  
  106  15:07  Stalker x2  
  108  15:35  Stalker x3  
Show
View Real Time Build Order
Export as new Build Order

Silo Zerg 

Build Orders: 3 Hatch before Pool 

Get SALT Encoding   

  12  0:01  Drone  
  13  0:12  Overlord  
  13  0:18  Drone  
  14  0:31  Drone x2  
  14  0:35  Drone  
  17  0:56  Hatchery  
  16  0:58  Drone  
  17  1:23  Drone  
  17  1:24  Hatchery  
  17  1:38  Spawning Pool  
  17  1:40  Drone  
  17  1:43  Extractor  
  17  1:44  Drone  
  17  1:48  Drone  
  17  1:52  Drone  
  19  2:01  Overlord  
  19  2:08  Drone  
  20  2:16  Drone  
  20  2:21  Drone  
  22  2:23  Drone  
  22  2:29  Queen  
  25  2:32  Drone  
  25  2:36  Drone  
  27  2:38  Queen  
  27  2:40  Drone  
  27  2:43  Drone  
  31  2:49  Drone  
  32  2:52  Drone  
  32  2:56  Lair  
  33  2:58  Drone  
  33  3:01  Drone  
  33  3:03  Drone  
  36  3:09  Drone  
  37  3:15  Roach Warren  
  37  3:17  Drone  
  37  3:18  Drone  
  38  3:20  Drone x2  
  38  3:21  Drone  
  38  3:24  Drone  
  42  3:29  Overlord  
  42  3:34  Overlord  
  42  3:42  Overlord x3  
  42  3:52  Overlord x3  
  42  3:56  Drone x3  
  42  3:59  Queen  
  42  4:01  Roach  
  49  4:06  Drone  
  49  4:07  Drone  
  51  4:11  Extractor  
  51  4:13  Drone  
  51  4:14  Drone, Extractor  
  51  4:16  Roach  
  51  4:17  Roach x2  
  57  4:22  Drone x3  
  57  4:23  Drone  
  61  4:25  Roach  
  61  4:26  Roach  
  61  4:28  Glial Reconstitution  
  61  4:30  Roach  
  67  4:34  Drone  
  67  4:35  Roach  
  70  4:43  Roach  
  72  4:50  Evolution Chamber, Roach  
  73  4:53  Drone x2, Evolution Chamber  
  73  4:56  Drone x4  
  78  5:00  Drone  
  78  5:02  Roach x3  
  85  5:12  Roach  
  85  5:13  Roach x2  
  91  5:15  Roach  
  93  5:21  Drone x2, Extractor  
  93  5:22  Drone  
  93  5:26  Roach  
  93  5:27  Overlord x3  
  97  5:28  Overlord x2  
  97  5:29  Overlord  
  97  5:30  Overlord  
  97  5:38  Overlord  
  97  5:39  Overlord  
  97  5:47  Roach x2  
  101  5:51  Hatchery, Roach  
  101  5:53  Roach  
  101  5:54  Roach x2  
  108  6:00  Drone  
  108  6:01  Drone x2  
  111  6:05  Ravager  
  111  6:06  Roach x2  
  111  6:08  Roach x4  
  111  6:10  Roach  
  126  6:25  Drone x2, Extractor  
  128  6:28  Drone  
  128  6:36  Drone  
  128  6:37  Drone x2  
  128  6:38  Drone, Extractor  
  131  6:48  Roach x4  
  131  6:49  Overlord x4  
  131  6:50  Overlord  
  131  6:52  Roach x2  
  143  6:55  Spore Crawler  
  143  6:57  Spore Crawler  
  143  6:58  Spore Crawler  
  143  7:01  Hydralisk Den  
  139  7:04  Drone  
  139  7:05  Drone  
  139  7:06  Drone  
  142  7:10  Drone x2  
  142  7:12  Queen, Drone  
  142  7:14  Roach x3  
  153  7:16  Zerg Missile Weapons Level 1  
  153  7:17  Zerg Ground Armor Level 1  
  153  7:23  Infestation Pit  
  153  7:28  Drone x2  
  154  7:30  Roach  
  154  7:31  Roach x4  
  154  7:35  Roach x2  
  168  7:37  Ravager  
  168  7:38  Ravager x2  
  168  7:39  Roach  
  173  7:45  Drone  
  173  7:46  Roach x2  
  173  7:48  Drone  
  173  7:50  Roach x2  
  183  7:54  Drone  
  183  7:56  Roach x2  
  188  7:59  Roach x3  
  188  8:00  Roach x3  
  186  9:13  Zerg Missile Weapons Level 2  
  186  9:14  Zerg Ground Armor Level 2  
  151  9:23  Roach x2  
  151  9:24  Roach x6  
  116  9:25  Hydralisk x6, Roach  
  116  9:26  Hydralisk x3  
  116  9:27  Hydralisk x2  
  116  9:28  Hydralisk x6  
  140  9:34  Hydralisk x2  
  140  9:35  Hydralisk x2  
  142  9:39  Hydralisk  
  138  9:45  Hydralisk  
  138  9:46  Hydralisk  
  138  9:47  Hydralisk  
  138  9:51  Hydralisk  
  146  9:54  Hydralisk  
  146  9:57  Hydralisk  
  150  10:03  Drone x2  
  150  10:04  Extractor x2  
  150  10:05  Roach x4  
  150  10:06  Roach  
  162  10:07  Roach  
  162  10:20  Roach x2  
  166  10:24  Muscular Augments, Hydralisk  
  166  10:25  Hydralisk  
  170  10:31  Hydralisk x2  
  170  10:33  Hydralisk  
  170  10:34  Hydralisk  
  178  10:37  Roach x2  
  178  10:39  Roach x2  
  178  10:42  Hydralisk  
  186  10:44  Hydralisk  
  186  10:46  Hydralisk  
  186  10:49  Roach  
  194  10:51  Hydralisk  
  194  10:53  Hydralisk  
  194  10:54  Hydralisk  
  190  11:51  Lair  
  190  11:53  Hive  
  190  12:07  Roach x3  
  200  12:08  Roach x2  
  200  12:15  Hydralisk Den  
  193  13:13  Roach x3  
  193  13:14  Roach  
  193  13:17  Zerg Missile Weapons Level 3, Zerg Ground Armor Level 3  
  193  13:19  Roach x3  
  179  14:08  Queen  
  181  14:15  Hydralisk x3  
  187  14:18  Roach  
  187  14:19  Roach x5  
  167  15:54  Roach x2  
  167  15:55  Roach x2  
  167  15:56  Roach x3  
  179  15:57  Roach x5  
  183  16:07  Roach  
  183  16:08  Roach  
Show
View Real Time Build Order
Export as new Build Order

Alecxiraptor Protoss 

Build Orders:  

Get SALT Encoding   

  12  0:03  Probe  
  13  0:15  Probe  
  14  0:24  Pylon  
  14  0:27  Probe  
  16  0:42  Probe  
  16  0:45  Gateway  
  16  0:57  Pylon  
  16  1:04  Probe  
  17  1:16  Probe  
  18  1:22  Assimilator  
  18  1:36  Cybernetics Core  
  18  1:41  Zealot (Chrono Boost)  
  20  1:51  Pylon  
  20  1:58  Probe  
  23  2:01  Zealot (Chrono Boost)  
  23  2:08  Gateway  
  23  2:10  Probe  
  23  2:15  Assimilator  
  24  2:27  Zealot  
  26  2:54  Zealot  
  28  3:15  Robotics Facility  
  28  3:32  Stalker  
  30  3:36  Stalker  
  32  3:52  Pylon  
  32  3:56  Gateway  
  32  4:02  Probe  
  33  4:14  Probe  
  38  4:21  Robotics Facility  
  38  4:24  Warp Gate (Chrono Boost)  
  38  4:44  Stalker  
  29  4:58  Stalker  
  29  5:11  Pylon  
  29  5:17  Immortal  
  29  5:27  Pylon  
  29  5:32  Stalker  
  29  5:33  Zealot  
  33  5:42  Stalker  
  35  5:48  Immortal  
  39  6:02  Probe  
  40  6:07  Zealot  
  40  6:08  Zealot  
  44  6:14  Probe  
  45  6:26  Probe  
  45  6:32  Pylon  
  46  6:41  Immortal  
  46  6:44  Immortal  
  54  7:00  Stalker  
  56  7:03  Stalker  
  56  7:06  Zealot  
  60  7:30  Gateway  
  60  7:31  Zealot  
  62  7:41  Pylon  
  62  7:47  Pylon  
  62  7:55  Robotics Bay  
  62  8:02  Stalker  
  64  8:14  Stalker  
  64  8:18  Zealot  
  68  8:59  Nexus  
  68  9:19  Pylon  
  68  9:53  Colossus  
  68  9:55  Colossus  
  80  10:11  Stalker  
  82  10:17  Probe  
  83  10:35  Zealot  
  85  10:39  Stalker  
  87  10:45  Stalker  
  89  10:53  Probe  
  90  11:04  Stalker  
  90  11:05  Probe  
  90  11:09  Immortal  
  93  11:17  Probe  
  98  11:59  Pylon  
  98  12:06  Stalker  
  100  12:11  Stalker  
  102  12:30  Stalker  
  102  12:33  Stalker  
  102  12:34  Stalker  
  102  12:36  Stalker  
  82  15:20  Stalker  
  82  15:21  Stalker  
  86  15:22  Stalker  
  86  15:23  Stalker  
Show
View Real Time Build Order
Export as new Build Order

PhAzEd Protoss 

Build Orders: 1 Gate Expand 

Get SALT Encoding   

  12  0:04  Probe (Chrono Boost)  
  14  0:16  Probe (Chrono Boost)  
  14  0:18  Pylon  
  14  0:22  Probe  
  15  0:36  Probe  
  15  0:38  Gateway  
  16  0:48  Probe  
  17  1:00  Probe  
  18  1:12  Probe  
  19  1:25  Cybernetics Core  
  19  1:31  Probe (Chrono Boost)  
  20  1:34  Nexus  
  20  1:36  Assimilator  
  20  1:43  Pylon  
  21  1:47  Probe (Chrono Boost)  
  21  1:56  Assimilator  
  21  2:00  Forge  
  21  2:04  Probe  
  22  2:16  Probe  
  22  2:18  Warp Gate (Chrono Boost)  
  23  2:28  Probe, Pylon  
  24  2:40  Probe  
  25  2:48  Probe  
  26  2:52  Probe  
  27  3:00  Probe (Chrono Boost)  
  27  3:01  Pylon  
  28  3:07  Gateway  
  28  3:12  Probe (Chrono Boost), Protoss Ground Weapons Level 1 (Chrono Boost)  
  29  3:17  Probe (Chrono Boost), Pylon  
  30  3:23  Gateway  
  30  3:26  Probe  
  31  3:34  Photon Cannon  
  31  3:36  Probe  
  31  3:38  Probe  
  33  3:50  Gateway  
  33  3:51  Probe  
  34  4:03  Probe  
  34  4:04  Pylon  
  34  4:06  Pylon  
  35  4:15  Probe  
  36  4:18  Stalker  
  36  4:19  Stalker x2  
  42  4:25  Photon Cannon  
  42  4:26  Photon Cannon  
  41  4:42  Stalker x3  
  47  4:56  Stalker  
  45  5:04  Protoss Ground Armor Level 1 (Chrono Boost)  
  45  5:05  Probe  
  46  5:16  Stalker x2  
  46  5:17  Probe (Chrono Boost)  
  46  5:19  Photon Cannon  
  46  5:21  Photon Cannon  
  51  5:24  Assimilator  
  51  5:29  Probe (Chrono Boost), Assimilator  
  51  5:30  Stalker x2  
  57  5:38  Probe (Chrono Boost)  
  57  5:42  Shield Battery  
  57  5:44  Probe, Stalker  
  57  5:45  Stalker  
  62  5:55  Gateway  
  62  5:56  Probe, Stalker x2  
  67  6:10  Gateway  
  67  6:27  Twilight Council  
  67  6:33  Probe (Chrono Boost)  
  67  6:35  Pylon  
  67  6:36  Pylon  
  68  6:41  Nexus  
  68  6:44  Probe (Chrono Boost)  
  69  6:47  Probe  
  69  6:51  Pylon  
  70  6:55  Gateway  
  70  6:56  Pylon  
  70  6:58  Gateway  
  70  6:59  Probe  
  71  7:01  Protoss Shields Level 1 (Chrono Boost)  
  71  7:12  Probe  
  72  7:24  Probe, Stalker  
  72  7:25  Stalker x3  
  72  7:26  Stalker  
  83  7:34  Photon Cannon  
  83  7:37  Photon Cannon  
  83  7:46  Photon Cannon  
  83  7:50  Photon Cannon  
  83  7:59  Blink (Chrono Boost)  
  83  8:04  Stalker  
  83  8:05  Stalker  
  87  8:06  Stalker  
  89  8:15  Robotics Facility  
  89  8:21  Robotics Facility  
  89  8:25  Probe (Chrono Boost)  
  89  8:26  Protoss Ground Weapons Level 2 (Chrono Boost)  
  92  8:37  Probe x2 (Chrono Boost)  
  92  8:40  Probe  
  93  8:50  Stalker x2  
  93  8:52  Probe  
  98  8:59  Stalker x2  
  102  9:04  Probe  
  102  9:07  Immortal  
  107  9:15  Immortal  
  107  9:16  Probe  
  112  9:44  Stalker  
  112  9:45  Stalker x4  
  118  9:46  Stalker x3  
  118  9:49  Probe (Chrono Boost)  
  130  10:00  Probe (Chrono Boost)  
  130  10:03  Probe  
  131  10:08  Stalker  
  133  10:27  Pylon  
  133  10:28  Nexus  
  133  10:30  Pylon  
  133  10:32  Pylon  
  133  10:37  Pylon  
  133  10:40  Assimilator  
  133  10:42  Protoss Ground Armor Level 2 (Chrono Boost)  
  133  10:43  Assimilator  
  133  10:45  Probe (Chrono Boost)  
  133  10:49  Stalker x2  
  138  10:51  Stalker  
  141  10:57  Probe (Chrono Boost)  
  141  10:58  Immortal  
  141  11:00  Probe  
  144  11:31  Nexus  
  144  11:35  Photon Cannon  
  144  11:37  Photon Cannon  
  144  11:38  Photon Cannon  
  144  11:48  Photon Cannon  
  144  11:49  Photon Cannon  
  144  11:51  Pylon  
  144  11:57  Stalker x4  
  152  12:04  Probe (Chrono Boost)  
  153  12:13  Stalker  
  153  12:15  Probe (Chrono Boost)  
  156  12:16  Stalker  
  156  12:18  Probe  
  159  12:37  Photon Cannon  
  159  12:40  Photon Cannon  
  159  12:45  Photon Cannon  
  159  12:47  Photon Cannon  
  159  12:48  Protoss Shields Level 2 (Chrono Boost)  
  149  13:06  Stalker x5  
  149  13:07  Stalker  
  157  13:19  Stalker x2  
  159  13:27  Probe  
  159  13:30  Assimilator  
  159  13:32  Assimilator  
  130  13:39  Probe, Stalker  
  130  13:40  Stalker x2  
  101  13:43  Stalker  
  99  13:51  Probe (Chrono Boost)  
  99  13:55  Stalker x3  
  106  13:56  Stalker  
  108  14:03  Probe (Chrono Boost)  
  110  14:12  Probe (Chrono Boost)  
  110  14:18  Stalker x4  
  110  14:19  Stalker x2  
  110  14:23  Stalker  
  124  14:40  Stalker  
  124  14:41  Stalker x3  
  124  14:42  Stalker  
  124  14:44  Stalker  
  136  14:52  Stalker  
  108  14:53  Stalker  
  92  15:07  Stalker x3  
  94  15:08  Stalker x2  
  90  15:20  Stalker x3  
  80  15:31  Stalker  
  80  15:32  Stalker x2  
  75  15:53  Pylon x2  
  75  15:54  Pylon  
  72  15:59  Pylon  
  72  16:00  Pylon x2  
  72  16:01  Pylon  
  72  16:03  Pylon  
  72  16:13  Photon Cannon x2  
  72  16:14  Photon Cannon x2  
  72  16:20  Forge  
  72  16:44  Gateway  
Show
View Real Time Build Order
Export as new Build Order

CayberBear Terran 

Build Orders: Liberator Opening 

Get SALT Encoding   

  12  0:01  SCV  
  13  0:16  SCV  
  13  0:19  Supply Depot  
  14  0:30  SCV  
  15  0:43  Refinery  
  15  0:47  Barracks  
  15  0:48  SCV  
  16  1:01  SCV  
  17  1:13  SCV  
  18  1:37  Barracks Reactor  
  18  1:39  Orbital Command  
  18  1:55  Command Center  
  18  2:00  Supply Depot  
  18  2:04  SCV  
  19  2:15  Marine  
  19  2:16  Marine  
  19  2:17  SCV  
  22  2:27  Factory  
  22  2:29  SCV  
  23  2:35  Refinery  
  23  2:38  Marine x2  
  23  2:42  SCV  
  26  2:54  SCV  
  27  2:58  Marine x2  
  29  3:08  SCV  
  30  3:13  Factory Reactor  
  30  3:14  Starport  
  30  3:18  Marine x2  
  32  3:20  Factory Tech Lab  
  32  3:22  Orbital Command  
  32  3:38  Supply Depot  
  32  3:39  Marine x2  
  34  3:43  Siege Tank  
  34  3:44  Liberator  
  37  3:48  SCV  
  38  3:58  Supply Depot  
  38  4:00  SCV  
  38  4:01  Supply Depot  
  42  4:18  Siege Tank  
  42  4:19  Marine x2  
  42  4:23  SCV  
  48  4:25  Supply Depot  
  48  4:26  SCV  
  48  4:30  Liberator  
  49  4:47  Supply Depot  
  49  4:48  Marine  
  53  4:59  Marine  
  54  5:09  Supply Depot  
  54  5:16  Liberator  
  54  5:18  Siege Tank  
  54  5:21  SCV  
  58  5:24  SCV  
  59  5:31  Supply Depot  
  59  5:34  Marine x2  
  64  5:36  SCV  
  64  5:39  SCV  
  66  5:48  SCV  
  66  5:49  Supply Depot  
  63  6:11  Supply Depot  
  63  6:14  SCV  
  63  6:15  SCV  
  63  6:16  Siege Tank  
  68  6:25  Liberator  
  68  6:34  Supply Depot  
  68  6:38  Marine  
  68  6:39  Marine  
  70  6:44  SCV  
  70  6:45  SCV  
  75  6:57  Supply Depot  
  75  6:59  Engineering Bay  
  75  7:10  Supply Depot  
  75  7:17  Marine x2  
  75  7:19  Supply Depot  
  75  7:21  Liberator, Siege Tank  
  80  7:30  Missile Turret  
  80  7:33  Supply Depot  
  80  7:35  Missile Turret  
  80  7:38  Missile Turret  
  80  7:39  Marine x2  
  80  7:42  SCV x2, Supply Depot  
  87  7:49  Missile Turret  
  87  7:57  Supply Depot, Missile Turret  
  87  8:06  Supply Depot  
  87  8:14  Siege Tank  
  87  8:19  Supply Depot  
  70  9:38  SCV  
  60  9:40  Siege Tank  
  63  9:50  SCV  
  63  9:51  Liberator  
  55  10:06  Marine, Command Center  
  55  10:07  Marine  
  45  10:19  Starport  
  45  10:40  Siege Tank  
  48  10:43  Marine x2  
  50  10:55  Refinery x2  
  50  10:57  Starport  
  50  10:59  Starport Tech Lab  
  50  11:05  Fusion Core  
  50  11:12  Missile Turret  
  50  11:17  SCV, Liberator  
  51  11:21  Orbital Command  
  51  11:28  Marine x2  
  51  11:29  SCV  
  51  11:32  Siege Tank, Missile Turret  
  60  11:52  Missile Turret  
  60  12:07  SCV  
  61  12:10  SCV, Missile Turret  
  61  12:13  Starport Tech Lab  
  61  12:15  Missile Turret  
  62  12:30  Missile Turret  
  62  12:36  Supply Depot  
  62  12:40  Battlecruiser  
  68  12:49  SCV, Missile Turret  
  68  12:50  SCV  
  70  13:10  Missile Turret  
  70  13:20  Marine x2  
  70  13:25  Battlecruiser  
  78  13:31  Missile Turret  
  75  13:51  Missile Turret  
  75  13:57  Siege Tank  
  78  14:11  Battlecruiser  
  78  14:13  Missile Turret  
  84  14:23  SCV  
  86  14:24  SCV  
  86  14:28  Marine x2  
  86  14:29  Liberator  
  86  14:31  Siege Tank  
  91  14:33  Missile Turret  
  94  14:54  Missile Turret  
  94  15:14  Missile Turret  
  94  15:26  Battlecruiser  
  100  15:35  Missile Turret  
  100  15:42  SCV  
  101  15:45  SCV  
  101  15:47  Liberator  
  102  15:54  SCV  
  102  15:55  Missile Turret  
  103  16:00  Siege Tank  
  103  16:02  Marine x2  
  111  16:18  SCV  
Tags
 
Add a new tag
Caveats
  • Supply blocks, unpowered buildings, or Contaminate may cause inaccurate times.
  • Supply counts are checked every 10 seconds.